 Dungeon Crawl Stone Soup version 0.27.0-66-gdc8fb28755 (webtiles) character file.

Game seed: 7831310546971965779

140 hawla the Grave Robber (level 5, 0/29 HPs)
             Began as a Deep Elf Necromancer on Aug 20, 2021.
             Slain by a rat (2 damage)
             ... in a sewer.
             The game lasted 00:14:11 (4081 turns).

hawla the Grave Robber (Deep Elf Necromancer)       Turns: 4081, Time: 00:14:12

Health: 0/29       AC:  3    Str:  5    XL:     5   Next: 2%
Magic:  0/13       EV: 13    Int: 21    God:
Gold:   112        SH:  5    Dex: 15    Spells: 1/12 levels left

rFire    + . .     SeeInvis .   b - +0 short sword
rCold    + . .     Faith    .   (no shield)
rNeg     . . .     Spirit   .   a - +0 robe
rPois    +         Reflect  +   (no helmet)
rElec    +         Harm     .   j - scarf {+Inv}
rCorr    +         Rampage  .   e - +0 pair of gloves
Will     .....                  (no boots)
Stlth    +++.......             o - amulet of reflection
HPRegen  0.09/turn              (no ring)
MPRegen  0.13/turn              (no ring)

@: mighty, resistant, attractive
A: no striking features
a: Evoke Invisibility


You were in a sewer.
You visited 1 branch of the dungeon, and saw 4 of its levels.
You also visited: Sewer.

You collected 112 gold pieces.

Inventory:

Hand Weapons
 b - a +0 short sword (weapon)
Missiles
 c - 14 poisoned darts (quivered)
Armour
 a - a +0 robe (worn)
 e - a +0 pair of gloves (worn)
 j - a scarf of invisibility (worn)
Jewellery
 i - a ring of fire
 o - an amulet of reflection (around neck)
Scrolls
 h - a scroll of amnesia
Potions
 d - a potion of attraction
 g - 3 potions of brilliance


   Skills:
 - Level 1.0 Fighting
 - Level 1.0 Throwing
 - Level 3.0 Dodging
 - Level 4.0 Stealth
 - Level 4.0 Spellcasting
 + Level 1.2 Conjurations
 - Level 5.0 Necromancy
 + Level 1.2 Earth Magic
 + Level 1.2 Evocations


You had one spell level left.
You knew the following spells:

 Your Spells              Type           Power      Damage    Failure   Level
a - Pain                  Necr           100%       1d9       1%          1
b - Vampiric Draining     Necr           12%        2d7       4%          3
c - Animate Dead          Necr           12%        N/A       16%         4
d - Stone Arrow           Conj/Erth      18%        3d8       22%         3

Your spell library contained the following spells:

 Spells                   Type           Power      Damage    Failure   Level
 Animate Skeleton         Necr           50%        N/A       1%          1
 Inner Flame              Hex/Fire       4%         N/A       34%         3
 Agony                    Necr           25%        N/A       38%         5
 Animate Armour           Summ/Erth      12%        N/A       67%         4
 Cause Fear               Hex            2%         N/A       75%         4
 Discord                  Hex            2%         N/A       100%        8
 Lehudib's Crystal Spear  Conj/Erth      4%         10d3      100%        8


Dungeon Overview and Level Annotations

Branches:
Dungeon (4/15)              Sewer (1/1)
 Temple: D:4-7

Altars:
Elyvilon
The Shining One

Shops:
D:3 :

Annotations:
D:2 1 runed translucent door, Crazy Yiuf


Message History

Aim: a river rat (severely wounded, chance to affect: 89%)
The river rat barely resists.
The rat closely misses you. The river rat closely misses you.
You block the river rat's attack. The rat barely misses you. x2
You barely miss the river rat.
The river rat is severely wounded.
The rat misses you. You block the river rat's attack. The river rat bites you.
You block the rat's attack. The rat bites you but does no damage.
You closely miss the river rat.
The river rat is severely wounded.
The rat misses you. The river rat bites you. You block the river rat's attack.
The rat closely misses you. The rat barely misses you.
You puncture the river rat!
You kill the river rat!
The rat bites you. You block the river rat's attack. The rat misses you.
The rat twitches its whiskers.
The rat closely misses you. The river rat misses you. The rat misses you.
You have reached level 5!
You hit the river rat.
The river rat is moderately wounded.
The rat closely misses you. You block the rat's attack.
The river rat bites you. The rat bites you.
You closely miss the river rat.
The river rat is moderately wounded.
The rat bites you.
The rat barely misses you. x2; The river rat bites you.
* * * LOW HITPOINT WARNING * * *
Okay, then.
You hit the river rat.
The river rat is severely wounded.
You block the rat's attack. The rat closely misses you.
The river rat barely misses you. The rat misses you.
Casting: Pain (safe; 1% risk of failure)
Confirm with . or Enter, or press ? or * to list all spells.
Aiming: Pain (safe; 1% risk of failure)
Press: ? - help, Shift-Dir - straight line, f - river rat
Aim: a river rat (severely wounded, chance to affect: 89%)
The river rat writhes in agony.
You kill the river rat!
The rat completely misses you. The rat bites you.
You die...

#.....≈.≈≈≈≈≈....
#......≈≈≈≈≈≈....
#......≈≈≈≈≈≈≈...
##.....≈.≈≈≈≈≈.#
#.....≈.≈≈≈≈.#
##......≈≈≈..##
####.....≈≈≈≈≈..##
#∩###..r...≈≈≈....
#.###.@†..≈≈≈≈...r
#..#.r†r..≈≈≈≈....
##........≈≈≈.....
##........≈≈≈....
##.....≈≈≈≈.....
#....≈≈≈≈≈.....
#......≈≈≈≈≈...#
#......≈≈≈≈≈..##
..#...≈≈≈≈≈


You could see 3 rats.

Vanquished Creatures
  2 adders
  4 river rats
  3 worms (D:3)
  2 dart slugs
  An orc (D:3)
  7 endoplasms
  2 giant cockroaches
  A goblin (D:1)
  2 hobgoblins (D:1)
  9 jackals (D:1)
  5 quokkas
  9 ball pythons
  10 bats
  3 frilled lizards
  9 kobolds
  11 rats
80 creatures vanquished.

Notes
Turn   | Place    | Note
-------+----------+-------------------------------------------
     0 | D:1      | hawla the Deep Elf Necromancer began the quest for the Orb.
     0 | D:1      | Reached XP level 1. HP: 10/10 MP: 6/6
    82 | D:1      | Reached skill level 5 in Necromancy
   521 | D:1      | Reached XP level 2. HP: 12/15 MP: 5/8
  1029 | D:1      | Reached skill level 1 in Fighting
  1295 | D:1      | Reached XP level 3. HP: 18/20 MP: 6/9
  1299 | D:1      | Learned a level 3 spell: Vampiric Draining
  2014 | D:2      | Found a runed translucent door.
  2015 | D:2      | Noticed Crazy Yiuf
  2222 | D:2      | Found a glowing golden altar of the Shining One.
  2890 | D:3      | Found Vuxt's Book Shoppe.
  3218 | D:3      | Reached XP level 4. HP: 25/25 MP: 3/12
  3223 | D:3      | Learned a level 4 spell: Animate Dead
  3227 | D:3      | Learned a level 3 spell: Stone Arrow
  3290 | D:3      | Found a white marble altar of Elyvilon.
  3717 | D:4      | Reached skill level 1 in Earth Magic
  3717 | D:4      | Reached skill level 1 in Evocations
  3772 | D:4      | Found a glowing drain.
  3802 | Sewer    | Entered a sewer
  3946 | Sewer    | Reached skill level 1 in Throwing
  4054 | Sewer    | Reached skill level 1 in Conjurations
  4078 | Sewer    | Reached XP level 5. HP: 18/29 MP: 0/13
  4081 | Sewer    | Slain by a rat

Illustrated notes

Levels and vault maps discovered:
D:1:      lemuel_arrival_tunnels, layout_loops_ring
D:2:      layout_loops_corners, basic_altar, uniq_crazy_yiuf_cottage
D:3:      cheibrodos_old_hovel, layout_loops_ring, elyvilon_altar_5,
          serial_shops, shop
D:4:      layout_loops_ring, gup_sewer_entry_bowl
Sewer:    sewer_minmay_treatment

Skill      XL: |  1  2  3  4 |
---------------+-------------+-----
Necromancy     | 5 |  5.0
Dodging        | 3 |  3.0
Stealth        | 3 4 |  4.0
Fighting       | 1 |  1.0
Spellcasting   | 4 |  4.0
Earth Magic    | 1 |  1.2
Evocations     | 1 |  1.2
Throwing       | 1 |  1.0
Conjurations   | 1 |  1.2

Action                   |  1- 3 |  4- 6 || total
-------------------------+-------+-------++-------
Melee: Short sword       |     5 |    16 ||    21
       Unarmed           |     1 |       ||     1
 Cast: Pain              |    84 |    35 ||   119
       Vampiric Draining |     5 |     2 ||     7
       Stone Arrow       |       |     6 ||     6
       Animate Dead      |       |     1 ||     1
  Use: Potion            |     2 |     5 ||     7
       Scroll            |     4 |     2 ||     6
Armor: Robe              |     7 |     6 ||    13
Dodge: Dodged            |    30 |    36 ||    66
Block: Other             |       |    15 ||    15
